 Dungeon Crawl Stone Soup version 0.22-a0-750-ga7dcef7 (webtiles) character file.

52 Hebeh the Firebug (level 3, 0/19 HPs)
             Began as a Deep Elf Fire Elementalist on July 15, 2018.
             Slain by a gnoll
             ... wielding a +0 halberd
              (13 damage)
             ... on level 2 of the Dungeon.
             The game lasted 00:05:55 (1661 turns).

Hebeh the Firebug (Deep Elf Fire Elementalist)      Turns: 1661, Time: 00:05:56

Health: 0/19       AC:  5    Str:  5    XL:     3   Next: 60%
Magic:  0/10       EV: 13    Int: 20    God:
Gold:   68         SH:  0    Dex: 15    Spells: 0/9 levels left

rFire    . . .     SeeInvis .   b - +0 hunting sling
rCold    . . .     Gourm    .   (no shield)
rNeg     . . .     Faith    .   g - +0 robe
rPois    .         Spirit   .   (no helmet)
rElec    .         Reflect  .   (no cloak)
rCorr    .         Harm     .   l - +0 pair of gloves
MR       .....                  v - +1 pair of boots
Stlth    ++........             (no amulet)
HPRegen  0.06/turn              (no ring)
MPRegen  0.12/turn              (no ring)

@: no status effects
A: no striking features
a: no special abilities


You were on level 2 of the Dungeon.
You were not hungry.

You visited 1 branch of the dungeon, and saw 2 of its levels.

You collected 68 gold pieces.

Inventory:

Hand Weapons
 a - a +0 club
 b - a +0 hunting sling (weapon)
Missiles
 d - 25 arrows
 j - 20 sling bullets (quivered)
 m - 98 stones
Armour
 g - a +0 robe (worn)
 l - a +0 pair of gloves (worn)
 n - a +0 buckler
 v - a +1 pair of boots (worn)
Jewellery
 w - a cursed ring of loudness {unknown}
Scrolls
 e - 3 scrolls of remove curse {unknown}
 f - 2 scrolls of fog {unknown}
 k - 4 scrolls of teleportation {unknown}
 o - a scroll of random uselessness {unknown}
 r - 2 scrolls of identify {unknown}
Potions
 h - 2 potions of haste {unknown}
 i - a potion of curing {unknown}
 p - a potion of lignification {unknown}
 q - a potion of degeneration {unknown}
 s - a potion of heal wounds {unknown}
 t - a potion of cancellation {unknown}
 u - a potion of mutation {unknown}
Comestibles
 c - 2 rations


   Skills:
 - Level 2.4 Dodging
 - Level 2.4 Stealth
 + Level 3.8 Spellcasting
 * Level 2.8 Conjurations
 + Level 3.8 Fire Magic


You couldn't memorise any spells.
You knew the following spells:

 Your Spells              Type           Power        Failure   Level  Hunger
a - Flame Tongue          Conj/Fire      ###..        3%          1    None
b - Throw Flame           Conj/Fire      ###...       4%          2    ##.....
c - Conjure Flame         Conj/Fire      ###.....     10%         3    ###....
d - Inner Flame           Hex/Fire       ##......     19%         3    ###....

Your spell library contained the following spells:

 Spells                   Type           Power        Failure   Level  Hunger
 Fireball                 Conj/Fire      ###.......   67%         5    ######.
 Sticky Flame             Conj/Fire      ###.....     32%         4    ####...


Dungeon Overview and Level Annotations

Branches:
Dungeon (2/15)

Altars:
Sif Muna

Annotations:
D:2 1 runed door


Message History

Casting: Flame Tongue (safe; 3% risk of failure)
Confirm with . or Enter, or press ? or * to list all spells.
Aiming: Flame Tongue (safe; 3% risk of failure)
Press: ? - help, Shift-Dir - straight line, f/p - gnoll
Aim: a gnoll, wielding a halberd (lightly wounded)
The flame tongue hits the gnoll.
The gnoll is moderately wounded.
The gnoll hits you from afar with a halberd.
Casting: Flame Tongue (safe; 3% risk of failure)
Confirm with . or Enter, or press ? or * to list all spells.
You don't have enough magic to cast that spell.
Unknown command.
Casting: Flame Tongue (safe; 3% risk of failure)
Confirm with . or Enter, or press ? or * to list all spells.
You don't have enough magic to cast that spell.
You eat one of the 3 rations.
That ration really hit the spot!
A gnoll comes into view. It is wielding a spear.
The gnoll hits you from afar with a halberd!
Ouch! That really hurt!
You die...

.# #...##########
.# ##.#..........#
.##.....########.#
.##.###.# #.#
.##.# #.# #.#
###.# #.# #.# #
#.#
#.########.###.#
###.#
#............(#
....# ##
#######@###$#
###.# #(# ###.#
#g# ....# #)#
###.# g.. #[## #(#
# #..# #$# # ##.#
#(# ####.########


You could see 2 gnolls.

Vanquished Creatures
  2 gnolls (D:2)
  4 dart slugs
  A giant cockroach (D:1)
  3 goblins (D:1)
  4 hobgoblins
  A jackal (D:2)
  3 kobolds
  A quokka (D:2)
  3 bats
  A frilled lizard (D:2)
  A rat (D:2)
24 creatures vanquished.

Notes
Turn   | Place    | Note
-------+----------+-------------------------------------------
     0 | D:1      | Hebeh the Deep Elf Fire Elementalist began the quest for the Orb.
     0 | D:1      | Reached XP level 1. HP: 10/10 MP: 6/6
   126 | D:1      | Reached XP level 2. HP: 15/15 MP: 4/8
  1205 | D:2      | Reached XP level 3. HP: 19/19 MP: 8/10
  1209 | D:2      | Learned a level 2 spell: Throw Flame
  1213 | D:2      | Learned a level 3 spell: Conjure Flame
  1245 | D:2      | Learned a level 3 spell: Inner Flame
  1401 | D:2      | Found a runed door.
  1610 | D:2      | Found a deep blue altar of Sif Muna.
  1661 | D:2      | Slain by a gnoll

Vault maps used:
D:1:      lemuel_arrival_room
D:2:      lemuel_blue_sif_altar, first_ration, uniq_crazy_yiuf_cottage

Skill      XL: |  1  2 |
---------------+-------+-----
Conjurations   | 2 |  2.8
Dodging        | |  2.4
Stealth        | |  2.4
Spellcasting   | |  3.8
Fire Magic     | |  3.8

Action                   || total
-------------------------++-------
 Fire: Hunting sling     ||    15
Throw: Stone             ||    13
 Cast: Flame Tongue      ||    36
       Conjure Flame     ||     1
  Eat: Chunk             ||     1
       Ration            ||     1
Armor: Robe              ||     1
Dodge: Dodged            ||     3

Table legend:
 A = Spawn XP
 B = Non-spawn XP
 C = Spawn XP percentage of total XP
 D = Spawn monster count
 E = Non-spawn monster count
 F = Spawn count percentage of total count
 G = Total turns spent on level
                    A         B        C        D         E        F      G
               +---------+---------+-------+---------+---------+-------+---------
         Total |       0 |      75 |   0.0 |       0 |      24 |   0.0 |  1661
               +---------+---------+-------+---------+---------+-------+---------
           D:1 |       0 |      30 |   0.0 |       0 |      13 |   0.0 |   804
           D:2 |       0 |      45 |   0.0 |       0 |      11 |   0.0 |   857
               +---------+---------+-------+---------+---------+-------+---------
